 Dungeon Crawl Stone Soup version 0.31.0-9-g3a7656b989 (webtiles) character file.

Game seed: 1290798900502412025

296 qw the Skirmisher (level 6, -10/35 HPs)
             Began as a Deep Elf Hunter on Feb 2, 2024.
             Killed by divine providence
             ... invoked by an orc priest
              (16 damage)
             ... on level 4 of the Dungeon.
             The game lasted 00:00:09 (2365 turns).

qw the Skirmisher (Deep Elf Hunter)                 Turns: 2365, Time: 00:00:09

Health: -10/35     AC:  6    Str: 10    XL:     6   Next: 12%
Magic:  8/8        EV: 11    Int: 14    God:
Gold:   172        SH:  0    Dex: 18    Spells: 5/5 levels left

rFire   . . .        a - +0 shortbow (freeze)
rCold   . . .        (shield currently unavailable)
rNeg    . . .        f - +0 ring mail
rPois   .            (no helmet)
rElec   .            (no cloak)
rCorr   .            d - +0 pair of gloves
SInv    .            (no boots)
Will    .....        (no amulet)
Stlth   +            (no ring)
HPRegen 0.25/turn    (no ring)
MPRegen 0.11/turn

%: no passive effects
@: no status effects
A: no striking features
a: no special abilities


You were on level 4 of the Dungeon.
You visited 1 branch of the dungeon, and saw 4 of its levels.

You collected 172 gold pieces.


   Skills:
 - Level 2.0 Fighting
 + Level 9.5 Ranged Weapons
 - Level 2.4 Dodging
 - Level 1.2 Stealth


You had 5 spell levels left.
You didn't know any spells.
Your spell library was empty.

Inventory:

Hand Weapons
 a - a +0 shortbow of freezing (weapon)
Armour
 d - a +0 pair of gloves (worn)
 f - a +0 ring mail (worn)
Potions
 b - 2 potions of enlightenment
 e - a potion of cancellation
 h - a potion of curing
 j - a potion of mutation

Dungeon Overview and Level Annotations

Branches:
Dungeon (4/15)
 Temple: D:4-7

Altars:
Ashenzari


Message History

The arrow freezes the orc priest.
The orc priest is moderately wounded.
You shoot an arrow. The arrow barely misses the orc.
The orc priest miscasts a cantrip.
You shoot an arrow. The arrow hits the orc.
The arrow freezes the orc.
The orc is severely wounded.
An orc wizard comes into view. It is wielding a +1 dagger of draining.
The orc priest looks braver for a moment.
You shoot an arrow. The orc wizard shouts!
The arrow hits the orc but does no damage.
The orc is severely wounded.
You hear a shout!
An orc wizard comes into view. It is wielding a +0 dagger.
The orc hits you but does no damage.
You shoot an arrow.
The arrow hits the orc but does no damage.
The orc is severely wounded.
The orc wizard mumbles some strange words.
The orc wizard flickers and vanishes!
Deactivating autopickup; reactivate with Ctrl-A.
The orc barely misses you. The orc completely misses you.
You shoot an arrow. The arrow hits the orc.
The arrow freezes the orc.
You kill the orc!
The orc closely misses you.
The orc priest miscasts a cantrip.
You shoot an arrow. The arrow hits the orc.
The arrow freezes the orc.
You kill the orc!
You shoot an arrow.
The arrow hits the orc priest but does no damage.
The orc priest is lightly wounded.
The orc wizard gestures wildly while chanting.
The orc wizard flickers and vanishes!
The orc priest hits you with a +0 club.
The orc priest hits you but does no damage.
You shoot an arrow.
The arrow closely misses the orc priest.
An orc comes into view. It is wielding a +0 short sword.
The orc priest invokes the aid of Beogh against you.
Beogh smites you!
You die...

#.#.
#.#.##
....#
#....
#...#
#...#
#.#.#
#)@.#
#o#.#
#)#.#
).#.#
...#<#
.#..#.#
#(#..#.#
o ..>#.#
...


You could see an orc priest and an orc.

Vanquished Creatures
  A phantom (D:2)
  An orc priest (D:4)
  An orc wizard (D:4)
  3 gnolls (D:3)
  4 adders
  An adder skeleton (D:2)
  An adder zombie (D:2)
  3 dart slugs
  3 ribbon worms
  2 orcs (D:4)
  2 ball pythons
  A bat skeleton (D:2)
  8 endoplasms
  2 giant cockroaches
  11 goblins
  8 hobgoblins
  10 jackals
  A quokka (D:1)
  7 bats
  3 frilled lizards
  4 kobolds
  6 rats
83 creatures vanquished.

Notes
Turn   | Place    | Note
-------+----------+-------------------------------------------
     0 | D:1      | qw the Deep Elf Hunter began the quest for the Orb.
     0 | D:1      | Reached XP level 1. HP: 12/12 MP: 3/3
     0 | D:1      | 0 ||| qw: Version: 0.3-a-155-g5e7d8dd
     0 | D:1      | 0 ||| qw: Game counter: 1707
     0 | D:1      | 0 ||| qw: Melee chars always use a shield: true
     0 | D:1      | 0 ||| qw: God list: Okawaru
     0 | D:1      | 0 ||| qw: Allow faded altars: false
     0 | D:1      | 0 ||| qw: Do Orc after clearing Dungeon:15 true
     0 | D:1      | 0 ||| qw: Do second Lair branch before Depths: true
     0 | D:1      | 0 ||| qw: Lair rune preference: random
     0 | D:1      | 0 ||| qw: Goals: Normal
     0 | D:1      | 0 ||| PLANNING D:1-11
    40 | D:1      | Reached XP level 2. HP: 16/16 MP: 4/4
    93 | D:1      | Reached skill level 6 in Ranged Weapons
   579 | D:1      | Reached XP level 3. HP: 17/20 MP: 5/5
   707 | D:1      | 707 ||| UPGRADING to +0 ring mail.
   717 | D:1      | 717 ||| DROPPING +0 leather armour.
   723 | D:1      | 723 ||| READING scroll labelled JIEGIAMMACO.
   724 | D:1      | 724 ||| READING scroll labelled TUKHIUNEAH.
   724 | D:1      | 724 ||| BRANDING +0 shortbow.
   727 | D:1      | 727 ||| READING scroll labelled NASTIMIOLE.
   728 | D:1      | 728 ||| DROPPING scroll of butterflies.
   773 | D:2      | Noticed a phantom
   786 | D:2      | Killed a phantom
   787 | D:2      | Reached skill level 8 in Ranged Weapons
   787 | D:2      | Reached XP level 4. HP: 9/25 MP: 6/6
  1077 | D:2      | Reached XP level 5. HP: 29/29 MP: 7/7
  1437 | D:2      | 1437 ||| UPGRADING to +0 pair of gloves.
  1442 | D:2      | 1442 ||| READING 2 scrolls labelled GOUPNA GIMOS.
  1442 | D:2      | 1442 ||| IDENTIFYING glowing grey potion
  1443 | D:2      | 1443 ||| READING scroll of identify.
  1443 | D:2      | 1443 ||| IDENTIFYING cyan potion
  1444 | D:2      | 1444 ||| READING scroll labelled MIQERA OMEOMM.
  1445 | D:2      | 1445 ||| DROPPING potion of degeneration.
  1516 | D:3      | Reached skill level 9 in Ranged Weapons
  1872 | D:3      | Found a faded altar of an unknown god.
  1958 | D:3      | Found a broken altar of Ashenzari.
  2026 | D:3      | 2026 ||| DROPPING amulet of magic regeneration.
  2280 | D:3      | 2280 ||| READING scroll of identify.
  2280 | D:3      | 2280 ||| IDENTIFYING sedimented orange potion
  2281 | D:3      | 2281 ||| READING 3 scrolls labelled COHAOZ BYCS.
  2282 | D:3      | 2282 ||| READING 2 scrolls labelled GAVEPUTURCHI.
  2283 | D:3      | 2283 ||| DRINKING 3 fuming dark potions.
  2284 | D:3      | 2284 ||| DRINKING 2 viscous cyan potions.
  2285 | D:3      | 2285 ||| DROPPING 2 scrolls of summoning.
  2286 | D:3      | 2286 ||| DROPPING scroll of revelation.
  2355 | D:4      | HP: 4/30 [orc priest/divine providence (15)]
  2356 | D:4      | Reached XP level 6. HP: 5/35 MP: 8/8
  2364 | D:4      | HP: 6/35 [orc priest/+0 club (2)]
  2365 | D:4      | Killed from afar by an orc priest

Levels and vault maps discovered:
D:1:      lightli_arrival_noodles, layout_basic, chequers_serial_rivers_micro_a,
          minmay_tetromino_o4
D:2:      layout_basic, serial_undead, serial_undead_b, serial_undead_e,
          serial_undead_c, serial_undead_c
D:3:      layout_loops_ring, mainiacjoe_overflow_six_doors_small,
          dreamdust_ecumenical_altar_angels_and_demons, hangedman_decor_lopped,
          reono_crystal_passage, kennysheep_flooded_box, dreamdust_wishing_well,
          nicolae_concentric_dashed_squares_wild
D:4:      kennysheep_goblin_castle, layout_loops_ring, grunt_qazlal_sundering,
          kennysheep_generic_room_15

Skill      XL: |  1  2  3  4  5 |
---------------+----------------+-----
Ranged Weapons | 6 8 9 |  9.5
Fighting       | 2 |  2.0
Dodging        | |  2.4
Stealth        | |  1.2

Action                     |  1- 3 |  4- 6 || total
---------------------------+-------+-------++-------
   Fire: Shortbow          |    88 |   135 ||   223
    Use: Scroll            |     3 |     6 ||     9
         Potion            |       |     2 ||     2
 Armour: Leather armour    |    14 |       ||    14
         Ring mail         |     8 |    20 ||    28
  Dodge: Dodged            |    16 |    20 ||    36

Table legend:
 A = Non-vault XP
 B = Vault XP
 C = Vault XP percentage of total XP
 D = Non-vault monster count
 E = Vault monster count
 F = Vault count percentage of total count
                 A         B        C        D         E       F
            +---------+---------+-------+---------+---------+-------
      Total |     405 |      18 |   4.3 |      77 |       6 |   7.2
            +---------+---------+-------+---------+---------+-------
        D:1 |      39 |       6 |  13.3 |      23 |       3 |  11.5
        D:2 |     178 |      12 |   6.3 |      33 |       3 |   8.3
        D:3 |     100 |       0 |   0.0 |      16 |       0 |   0.0
        D:4 |      88 |       0 |   0.0 |       5 |       0 |   0.0
            +---------+---------+-------+---------+---------+-------
